 Dungeon Crawl Stone Soup version 0.29.0-7-g18a832c13a (webtiles) character file.

Game seed: 6733340589244879887

4424 sanka the Grappler (level 10, -7/102 HPs)
             Began as a Troll Cinder Acolyte on Aug 30, 2022.
             Was an Elder of Ignis.
             Mangled by an orc warrior
             ... wielding a +0 broad axe
              (32 damage)
             ... in a bailey.
             The game lasted 00:11:22 (6808 turns).

sanka the Grappler (Troll Cinder Acolyte)           Turns: 6808, Time: 00:11:23

Health: -7/102     AC: 11    Str: 24    XL:     10   Next: 14%
Magic:  10/10      EV: 12    Int: 10    God:    Ignis [****..]
Gold:   1178       SH:  0    Dex: 15    Spells: 11/11 levels left

rFire   + . .      SeeInvis .     - Unarmed
rCold   . . .      Faith    .   (no shield)
rNeg    . . .      Spirit   .   a - +0 robe
rPois   .          Reflect  .   (helmet restricted)
rElec   .          Harm     .   (no cloak)
rCorr   .          Rampage  .   (gloves unavailable)
Will    .....                   (boots unavailable)
Stlth   +.........              v - amulet of the acrobat
HPRegen 1.07/turn               (no ring)
MPRegen 0.12/turn               b - +6 ring of dexterity

@: fiery-armoured
A: large, unfitting armour, claws 3, regeneration 1, shaggy fur 1, tough skin 1
a: Renounce Religion, Fiery Armour, Foxfire Swarm, Rising Flame


You were in a bailey.
You worshipped Ignis.
Ignis was greatly pleased with you.
You visited 2 branches of the dungeon, and saw 9 of its levels.
You also visited: Bailey.

You collected 1178 gold pieces.


Innate Abilities, Weirdness & Mutations

You are too large for most types of armour.
You have claws for hands.
Your natural rate of healing is unusually fast.
You are covered in fur. (AC +1)
You have tough skin. (AC +1)


   Skills:
 + Level 7.1 Fighting
 - Level 6.0 Dodging
 + Level 10.6 Unarmed Combat
 - Level 1.0 Spellcasting
 - Level 2.1 Fire Magic


You had 11 spell levels left.
You didn't know any spells.
Your spell library contained the following spells:

 Spells                   Type           Power      Damage    Failure   Level
 Foxfire                  Conj/Fire      8%         2x1d4     22%         1
 Scorch                   Fire           8%         2d5       22%         2
 Blink                    Tloc           0%         N/A       45%         2
 Conjure Flame            Conj/Fire      2%         6-21      54%         3
 Inner Flame              Hex/Fire       2%         N/A       54%         3
 Lesser Beckoning         Tloc           0%         N/A       71%         3
 Stone Arrow              Conj/Erth      0%         3d7       71%         3
 Flame Wave               Conj/Fire      2%         2d4       91%         4
 Animate Armour           Summ/Erth      0%         N/A       98%         4
 Borgnjor's Vile Clutch   Necr/Erth      0%         N/A       100%        5
 Manifold Assault         Tloc           0%         N/A       100%        5
 Metabolic Englaciation   Hex/Ice        0%         N/A       100%        5
 Silence                  Hex/Air        0%         N/A       100%        5
 Lehudib's Crystal Spear  Conj/Erth      0%         10d2      100%        8

Inventory:

Hand Weapons
 B - a +3 hand axe
Armour
 a - a +0 robe (worn)
Jewellery
 b - a +6 ring of dexterity (right claw)
 v - an amulet of the acrobat (around neck)
Wands
 r - a wand of paralysis (10)
 u - a wand of digging (11)
 w - a wand of light (12)
 x - a wand of flame (8)
Scrolls
 d - 3 scrolls of teleportation {unknown}
 f - a scroll of vulnerability {unknown}
 h - a scroll of poison {unknown}
 i - 2 scrolls of butterflies {unknown}
 j - 5 scrolls of identify {unknown}
 k - a scroll of enchant armour {unknown}
 m - 2 scrolls of immolation {unknown}
 p - 3 scrolls of noise {unknown}
 q - 2 scrolls of torment {unknown}
 s - 3 scrolls of blinking {unknown}
 y - 2 scrolls of enchant weapon {unknown}
 A - a scroll of magic mapping {unknown}
Potions
 c - 2 potions of brilliance {unknown}
 e - 3 potions of degeneration {unknown}
 g - a potion of flight {unknown}
 l - a potion of resistance {unknown}
 n - a potion of haste {unknown}
 o - a potion of curing {unknown}
 t - a potion of might {unknown}
 z - 2 potions of heal wounds {unknown}

Dungeon Overview and Level Annotations

Branches:
Dungeon (8/15)             Temple (1/1) D:6          Bailey (1/1)
   Lair: D:8-11

Altars:
Ashenzari
Cheibriados
Dithmenos
Fedhas
Gozag
Hepliaklqana
Kikubaaqudgha
Nemelex Xobeh
Okawaru
Qazlal
Ru
Sif Muna
Trog
Uskayaw
Wu Jian
Xom

Shops:
D:6

* ▒ ▒.~≈≈≈≈≈≈≈ ▒
▒.~≈≈≈≈≈≈≈ ▒ ▒.~≈≈≈≈≈≈≈ ▒
▒+▒▒.~≈≈≈≈≈≈≈ ▒
▒.o▒.~≈≈≈≈≈≈≈ ▒
▒go▒.~≈≈≈≈≈≈≈ ▒ ▒...▒
▒..▒.~≈≈≈≈≈≈≈ ▒ ▒8.8▒
▒.o▒.~≈≈≈≈≈≈≈ ▒ ▒...▒
▒gg▒To≈≈≈≈≈≈≈
▒+▒▒▒8.8▒▒▒+▒▒'▒o▒≈≈≈≈≈≈≈
▒)).▒...▒.[[▒..)g▒≈≈≈≈≈≈≈
▒)).▒...▒.[[▒....▒≈≈≈≈≈≈≈
▒▒▒▒▒▒.▒▒▒▒▒▒..▒▒▒≈≈≈≈≈≈≈
......∩........'.▒≈≈≈≈≈≈≈
▒†~~~~~~~~~~▒▒▒▒▒▒≈≈≈≈≈≈≈
≈≈≈≈≈≈≈≈≈≈≈≈≈≈≈≈ ≈≈≈≈≈≈≈
≈≈≈≈≈≈≈≈≈≈≈≈≈≈≈≈≈


You could see an orc knight, an orc warrior (strong) and a hobgoblin.


Message History

The orc warrior barely misses you.
You scratch the orc knight but do no damage.
The orc knight is moderately wounded.
The orc knight misses you.
Unknown command.
You mangle the orc knight!!
The orc knight is severely wounded.
The orc warrior barely misses you. The orc knight barely misses you.
You claw the orc knight!
The orc knight is severely wounded.
The orc knight is no longer blind.
The orc warrior hits you with a +0 broad axe!
You scratch the orc knight.
The orc knight is almost dead.
The orc knight hits you with a +0 war axe!!
* * * LOW HITPOINT WARNING * * *
The orc warrior hits you with a +0 broad axe!
* * * LOW HITPOINT WARNING * * *
Unknown command.
Okay, then.
Aiming: Bolt of Light
Aim: an orc knight, wielding a +0 war axe and wearing a +0 ring mail (severely wounded, 64% to hit)
The bolt of light misses the orc knight.
The orc knight hits you with a +0 war axe.
* * * LOW HITPOINT WARNING * * *
The orc knight is burned by your cloak of flames.
The orc knight is almost dead.
The orc warrior hits you with a +0 broad axe!!
You die...

Action                   |  1- 3 |  4- 6 |  7- 9 | 10-12 || total
-------------------------+-------+-------+-------+-------++-------
Melee: Unarmed           |    61 |   110 |   244 |    52 ||   467
       Punch             |     3 |     3 |    11 |     2 ||    19
Invok: Fiery Armour      |       |       |     2 |     1 ||     3
       Foxfire Swarm     |       |       |     1 |       ||     1
Evoke: Wand              |       |       |     4 |     3 ||     7
  Use: Scroll            |       |       |       |     1 ||     1
 Stab: Sleeping          |       |       |     2 |       ||     2
       Invisible         |       |       |       |     2 ||     2
Armor: Robe              |    28 |    31 |    40 |     5 ||   104
Dodge: Dodged            |    33 |    42 |   138 |    27 ||   240

Levels and vault maps discovered:
D:1:      saegor_arrival_simple_d, layout_loops_corners
D:2:      layout_basic
D:3:      layout_basic, mainiacjoe_overflow_concentric_impassable,
          pdpol_wu_jian_five_deadly_venoms, nicolae_gozag_seed_capital,
          basic_ecumenical_altar
D:4:      layout_loops_ring, lemuel_round_altar,
          nicolae_uskayaw_murder_on_the_dancefloor, st_stairs_8
D:5:      layout_loops_ring, mainiacjoe_overflow_alcove_1
D:6:      layout_basic, kennysheep_mini_moat, minmay_temple_entry_purple_smoke,
          serial_shops, nicolae_shop_behind_doors, serial_curves,
          eino_curves_02, eino_curves_04
D:7:      hellmonk_crumbling_castle, layout_layer_cave
D:8:      layout_cave_pools, minitemple, lair_entry_dummy, serial_undead,
          serial_undead_f, serial_undead_a, serial_undead_b, serial_undead_f,
          serial_undead_e, serial_undead_c, serial_undead_e, enter_bailey_8,
          uniq_grum
Temple:   grunt_temple_mini_profane
Bailey:   bailey_axe_of_yendor_kennysheep, bailey

Notes
Turn   | Place    | Note
-------+----------+-------------------------------------------
     0 | D:1      | sanka the Troll Cinder Acolyte began the quest for the Orb.
     0 | D:1      | Reached XP level 1. HP: 22/22 MP: 1/1
  1052 | D:2      | Reached XP level 2. HP: 29/29 MP: 2/2
  1124 | D:2      | Reached skill level 4 in Unarmed Combat
  1156 | D:2      | Reached XP level 3. HP: 35/36 MP: 3/3
  1282 | D:2      | Reached XP level 4. HP: 42/44 MP: 4/4
  1300 | D:2      | Reached skill level 5 in Unarmed Combat
  1490 | D:2      | Identified the +1 leather armour of Anatihae {rF+ rCorr}
  1696 | D:3      | Found a faded altar of an unknown god.
  1729 | D:3      | Found a blossoming altar of Fedhas.
  1754 | D:3      | Found an opulent altar of Gozag.
  2050 | D:3      | Found an ornate altar of the Wu Jian Council.
  2119 | D:4      | Noticed a sky beast
  2126 | D:4      | Killed a sky beast
  2127 | D:4      | Reached skill level 6 in Unarmed Combat
  2127 | D:4      | Reached XP level 5. HP: 50/50 MP: 5/5
  2170 | D:4      | Noticed an ogre
  2178 | D:4      | Killed an ogre
  2179 | D:4      | Reached XP level 6. HP: 30/59 MP: 6/6
  2185 | D:4      | Reached skill level 7 in Unarmed Combat
  2231 | D:4      | Found a broken altar of Ashenzari.
  2582 | D:4      | Reached skill level 8 in Unarmed Combat
  2598 | D:4      | Reached XP level 7. HP: 46/66 MP: 7/7
  2756 | D:4      | Found a hide-covered altar of Uskayaw.
  2874 | D:5      | Entered Level 5 of the Dungeon
  3039 | D:5      | Got the Tractate on Dusty Spellbinding
  3176 | D:5      | Reached skill level 9 in Unarmed Combat
  3378 | D:5      | Found a shimmering altar of Xom.
  3450 | D:5      | Noticed a two-headed ogre
  3467 | D:5      | Killed a two-headed ogre
  3468 | D:5      | Reached skill level 10 in Unarmed Combat
  3468 | D:5      | Reached skill level 3 in Fighting
  3468 | D:5      | Reached skill level 2 in Dodging
  3468 | D:5      | Reached XP level 8. HP: 61/78 MP: 8/8
  3523 | D:5      | Reached skill level 4 in Fighting
  3591 | D:5      | Reached skill level 3 in Dodging
  4125 | D:6      | Found Jukoom's General Store.
  4128 | D:6      | Found a staircase to the Ecumenical Temple.
  4145 | D:6      | Reached XP level 9. HP: 85/85 MP: 9/9
  4170 | D:6      | Reached skill level 4 in Dodging
  4191 | Temple   | Entered the Ecumenical Temple
  4573 | D:6      | Found a shimmering blue altar of Sif Muna.
  4808 | D:7      | Reached skill level 5 in Fighting
  5385 | D:7      | Reached skill level 5 in Dodging
  5954 | D:7      | Reached skill level 6 in Fighting
  6168 | D:8      | Found a flagged portal.
  6177 | Bailey   | Entered a bailey
  6324 | Bailey   | Reached skill level 6 in Dodging
  6377 | Bailey   | Noticed an orc sorcerer
  6382 | Bailey   | Noticed a hellwing
  6385 | Bailey   | Killed an orc sorcerer
  6386 | Bailey   | Reached XP level 10. HP: 64/100 MP: 10/10
  6572 | Bailey   | Reached skill level 7 in Fighting
  6761 | Bailey   | Acquired 756 gold pieces
  6783 | Bailey   | Noticed an orc knight
  6808 | Bailey   | Mangled by an orc warrior

Vanquished Creatures
  A two-headed ogre (D:5)
  An orc sorcerer (Bailey)
  An unseen horror zombie (D:8)
  A wyvern (D:7)
  A steam dragon (D:7)
  A water moccasin (D:7)
  5 orc warriors (Bailey)
  2 ogres
  A sky beast (D:4)
  A phantom (D:5)
  A bullfrog (D:7)
  A gnoll sergeant (D:5)
  A necrophage (D:6)
  6 scorpions
  3 wights
  A wyvern zombie (D:8)
  4 killer bees (D:6)
  7 electric eels (Bailey)
  4 howler monkeys
  A hound (D:5)
  2 jellies (D:6)
  4 orc priests
  5 iguanas
  2 orc wizards (D:7)
  2 howler monkey zombies (D:8)
  7 gnolls
  10 adders
  3 white imps
  An ufetubus (D:5)
  2 worms
  2 dart slugs
  22 orcs
  2 bats
  6 endoplasms
  7 giant cockroaches
  6 goblins
  6 hobgoblins
  10 jackals
  3 kobolds
  5 quokkas
  7 ball pythons
  3 frilled lizards
  3 rats
164 creatures vanquished.

Vanquished Creatures (others)
  A goblin (Bailey)
  9 foxfires (D:5)
10 creatures vanquished.

Grand Total: 174 creatures vanquished
